 Dungeon Crawl Stone Soup version 0.26.1-2-gb8aa6d0cf2 (webtiles) character file.

Game seed: 8507387352886578911

102 Descartes the Thaumaturge (level 4, -4/24 HPs)
             Began as a Deep Elf Wanderer on Mar 28, 2021.
             Slain by a phantom (7 damage)
             ... on level 2 of the Dungeon.
             The game lasted 00:04:00 (2164 turns).

Descartes the Thaumaturge (Deep Elf Wanderer)       Turns: 2164, Time: 00:04:00

Health: -4/24      AC:  2    Str:  8    XL:     4   Next: 50%
Magic:  10/16      EV: 11    Int: 19    God:
Gold:   94         SH:  0    Dex: 14    Spells: 12/19 levels left

rFire    . . .     SeeInvis .   m - +1 dagger (venom)
rCold    . . .     Faith    .   (no shield)
rNeg     . . .     Spirit   .   d - +0 robe
rPois    .         Reflect  .   (no helmet)
rElec    .         Harm     .   (no cloak)
rCorr    .         Rampage  .   (no gloves)
Will     .....                  (no boots)
Stlth    +.........             (no amulet)
HPRegen  0.08/turn              (no ring)
MPRegen  0.15/turn              (no ring)

@: no status effects
A: no striking features
a: no special abilities


You were on level 2 of the Dungeon.
You visited 1 branch of the dungeon, and saw 2 of its levels.

You collected 94 gold pieces.

Inventory:

Hand Weapons
 a - a +0 dagger
 m - a +1 dagger of venom (weapon)
Missiles
 e - 85 stones (quivered)
 f - 33 arrows
 g - 16 sling bullets
 j - 70 bolts
Armour
 d - a +0 robe (worn)
Scrolls
 c - 3 scrolls of teleportation
 h - 2 scrolls of identify {unknown}
 k - a scroll of fog {unknown}


   Skills:
 - Level 1.0 Throwing
 + Level 8.3 Spellcasting
 + Level 3.1 Conjurations
 - Level 1.1 Summonings
 - Level 1.1 Transmutations
 - Level 1.1 Poison Magic
 - Level 1.1 Evocations


You had 12 spell levels left.
You knew the following spells:

 Your Spells              Type           Power        Failure   Level
a - Magic Dart            Conj           76%          2%          1
b - Sting                 Tmut/Pois      48%          5%          1
c - Blink                 Tloc           N/A          13%         2
d - Mephitic Cloud        Conj/Pois/Air  13%          14%         3

Your spell library contained the following spells:

 Spells                   Type           Power        Failure   Level
 Call Imp                 Summ           12%          9%          2
 Slow                     Hex            7%           13%         2
 Conjure Flame            Conj/Fire      13%          14%         3


Dungeon Overview and Level Annotations

Branches:
Dungeon (2/15)

Altars:
Nemelex Xobeh
Okawaru
Trog


Message History

You hit the phantom but do no damage.
The phantom is heavily damaged.
The phantom hits you.
The phantom blinks!
The bat hits you but does no damage.
You hit the bat.
The bat is severely wounded.
The bat hits you.
The phantom blinks!
The bat closely misses you.
You hit the phantom but do no damage.
The phantom is heavily damaged.
The bat hits you but does no damage. The phantom hits you.
You barely miss the phantom.
The phantom is heavily damaged.
The bat closely misses you. The phantom hits you!
* * * LOW HITPOINT WARNING * * *
You hit the phantom but do no damage.
The phantom is heavily damaged.
The bat hits you.
* * * LOW HITPOINT WARNING * * *
The bat hits you but does no damage. The phantom hits you!
You die...

.._..⌠..$.# .........#
._..._..### .........#
.......!# #. +.......+ +.
#.b.....# #. #.@W....# #.
#.......# #.
####+###.......[. #.
#.......######... ###.
#.......#### .. #...
#..........# . #...
#..........# #######...
####.......######.....#...
#..................'...


You could see a phantom and a bat.

Vanquished Creatures
  A scorpion (D:2)
  An adder (D:2)
  4 dart slugs (D:1)
  2 leopard geckos (D:1)
  2 bats
  2 giant cockroaches
  3 goblins
  6 hobgoblins
  5 frilled lizards
  6 kobolds
  3 rats (D:1)
35 creatures vanquished.

Notes
Turn   | Place    | Note
-------+----------+-------------------------------------------
     0 | D:1      | Descartes the Deep Elf Wanderer began the quest for the
                  | Orb.
     0 | D:1      | Descartes set off with the following items: a +0 dagger, a
                  | scroll of teleportation, a +0 robe; and the following
                  | spells available to memorise: Sting, Call Imp, Magic Dart,
                  | Blink, Slow, Mephitic Cloud, Conjure Flame
     0 | D:1      | Reached XP level 1. HP: 10/10 MP: 10/10
     2 | D:1      | Learned a level 1 spell: Magic Dart
     4 | D:1      | Learned a level 1 spell: Sting
   257 | D:1      | Reached skill level 1 in Conjurations
   257 | D:1      | Reached XP level 2. HP: 13/15 MP: 1/12
   847 | D:1      | Reached XP level 3. HP: 19/19 MP: 7/14
   912 | D:1      | Learned a level 2 spell: Blink
   916 | D:1      | Learned a level 3 spell: Mephitic Cloud
  1513 | D:2      | Noticed a scorpion
  1931 | D:2      | Killed a scorpion
  1932 | D:2      | Reached skill level 8 in Spellcasting
  1932 | D:2      | Reached XP level 4. HP: 4/24 MP: 8/16
  2148 | D:2      | Found a bloodstained altar of Trog.
  2149 | D:2      | Found an iron altar of Okawaru.
  2150 | D:2      | Found a sparkling altar of Nemelex Xobeh.
  2150 | D:2      | Noticed a phantom
  2164 | D:2      | Slain by a phantom

Illustrated notes

Levels and vault maps discovered:
D:1:      roderic_chinese_lattice_arrival, layout_basic
D:2:      layout_basic, old_standard_altar, grunt_temple_overflow_open

Skill      XL: |  1  2  3 |
---------------+----------+-----
Conjurations   | 1 2 3 |  3.1
Spellcasting   | 8 |  8.3
Throwing       | |  1.0
Summonings     | |  1.1
Transmutations | |  1.1
Poison Magic   | |  1.1
Evocations     | |  1.1

Action                   |  1- 3 |  4- 6 || total
-------------------------+-------+-------++-------
Melee: Dagger            |     5 |     5 ||    10
 Cast: Magic Dart        |    92 |    16 ||   108
       Sting             |       |     2 ||     2
  Use: Potion            |     1 |     2 ||     3
Armor: Robe              |       |     6 ||     6
Dodge: Dodged            |    13 |     5 ||    18
